 Dungeon Crawl Stone Soup version 0.19.1-1-g22dce08 (webtiles) character file.

7221 dngmouse the Cleaver (level 10, -4/99 HPs)
             Began as a Deep Dwarf Fighter on Jan 11, 2017.
             Was a Priest of Makhleb.
             Killed from afar by an electric eel (10 damage)
             ... with a bolt of electricity
             ... on level 10 of the Dungeon.
             The game lasted 00:43:24 (6820 turns).

dngmouse the Cleaver (Deep Dwarf Fighter)           Turns: 6820, Time: 00:43:24

Health: -4/99      AC: 13    Str: 24    XL:     10   Next: 87%
Magic:  18/18      EV: 11    Int:  6    God:    Makhleb [***...]
Gold:   393        SH: 10    Dex: 17    Spells: 0 memorised, 9 levels left

rFire  . . .     SeeInvis .     G - +3 broad axe (flame)
rCold  . . .     Gourm    .     b - +0 scale mail
rNeg   . . .     Faith    .     c - +0 shield
rPois  +         Spirit   .     (no helmet)
rElec  .         Reflect  .     (no cloak)
rCorr  .         Harm     .     m - +1 pair of gloves
MR     +....                    i - +2 pair of boots
Stlth  ..........               (no amulet)
                                d - +4 ring of evasion
                                p - +5 ring of dexterity

@: very slightly contaminated, non-regenerating, hasted, very quick
A: damage resistance, recharge devices, hooves 1, blurry vision 1, deterioration
1, dopey 1, high mp 1, sense surroundings 2, poison resistance, slow
regeneration 3
a: Device Recharging, Minor Destruction, Lesser Servant of Makhleb, Renounce
Religion


You were on level 10 of the Dungeon.
You worshipped Makhleb.
Makhleb was most pleased with you.
You were not hungry.

You visited 2 branches of the dungeon, and saw 11 of its levels.

You collected 428 gold pieces.
You spent 35 gold pieces at shops.

Inventory:

Hand Weapons
 G - a +3 broad axe of flaming (weapon)
Missiles
 K - a throwing net (quivered)
Armour
 b - a +0 scale mail (worn)
 c - a +0 shield (worn)
 i - a +2 pair of boots (worn)
 m - a +1 pair of gloves (worn)
 z - a +0 ring mail of positive energy
Jewellery
 d - a +4 ring of evasion (right hand)
 p - a +5 ring of dexterity (left hand)
 q - an uncursed ring of wizardry
 w - an uncursed ring of protection from cold
 B - an uncursed ring of protection from magic
 F - an uncursed ring of protection from fire {unknown}
Wands
 e - a wand of heal wounds (3/9)
 t - a wand of random effects (38/48)
 u - a wand of paralysis (5/24)
 J - a wand of flame (23/48)
Scrolls
 g - 5 scrolls of identify
 h - 2 scrolls of enchant armour
 j - 2 scrolls of random uselessness
 k - 3 scrolls of immolation
 o - 4 scrolls of teleportation
 r - 3 scrolls of fog
 y - 5 scrolls of remove curse
Potions
 s - 4 potions of curing
 x - 2 potions of cancellation {unknown}
Books
 D - a book of Misfortune

   Spells                             Type                      Level
   a - Confusing Touch                Hexes                        1
   b - Confuse                        Hexes                        3
   c - Gell's Gravitas                Hexes/Translocation          3
   d - Petrify                        Transmutation/Earth          4
   e - Metabolic Englaciation         Hexes/Ice                    5
   f - Yara's Violent Unravelling     Hexes/Transmutation          5
Comestibles
 f - 10 bread rations
 l - 7 beef jerkies
 n - 4 meat rations
 v - a fruit
 A - 5 chunks of flesh
 C - a royal jelly
 E - a slice of pizza


   Skills:
 + Level 9.0 Fighting
 + Level 10.0 Axes
 + Level 6.3 Armour
 - Level 3.2 Shields
 * Level 8.9 Invocations
 * Level 8.7 Evocations


You had 9 spell levels left.
You didn't know any spells.

Dungeon Overview and Level Annotations

Branches:
Dungeon (10/15)            Temple (1/1) D:4
   Lair: D:8-11         Orc: D:9-12

Altars:
Ashenzari
Cheibriados
Dithmenos
Elyvilon
Fedhas
Gozag
Hepliaklqana
Kikubaaqudgha
Makhleb
Nemelex Xobeh
Okawaru
Qazlal
Ru
Sif Muna
Trog
Uskayaw
Vehumet
Xom
Yredelemnul
Zin
The Shining One

Shops:
D:4 !   D:9 }


Innate Abilities, Weirdness & Mutations

You are resistant to damage.
You can recharge devices by infusing magical energy.
You passively map the area around you.
You do not regenerate.
You have large cloven feet.
Scrolls take you a little longer to read.
Your body sometimes deteriorates upon taking damage.
You are dopey. (Int -2)
You have an increased reservoir of magic. (+10% MP)
Your system is resistant to poisons. (rPois)


Message History

The electric eel shoots out a bolt of lightning at you!
The bolt of electricity hits you!
You closely miss the electric eel.
The electric eel shoots out a bolt of lightning at you!
The bolt of electricity hits you!
* * * LOW HITPOINT WARNING * * *
You are too injured to fight recklessly!
You are too injured to fight recklessly!
You closely miss the electric eel.
The electric eel shoots out a bolt of lightning at you!
The bolt of electricity hits you!
* * * LOW HITPOINT WARNING * * *
The electric eel shoots out a bolt of lightning at you!
The bolt of electricity hits you!
* * * LOW HITPOINT WARNING * * *
The hound pauses to sniff the ground.
The electric eel shoots out a bolt of lightning at you!
The bolt of electricity hits the electric eel.
The electric eel completely resists.
The bolt of electricity hits you!
You die...

, ≈
.≈≈≈≈≈h≈≈≈≈≈...#
≈≈≈†≈≈≈≈≈≈≈≈≈..., *
* ≈≈≈≈≈≈≈≈≈≈.≈≈..#
* ,
$.≈≈≈≈≈;≈.≈..≈.# ,
...≈≈≈≈;≈†.....# *
*#......#* , *
*#.#?##.# ,.* * *
#....# .., , ,
#.####@#######... ,
#................,,
, ,
*######...........
, * , , ,
####........... , ,
#......#####... , ,
,* #....#.# * * * *
* ,####..#.#)# , ,
........#.# ,,*
####..###.# , , ,


You could see 2 electric eels.

Vanquished Creatures
  An ugly thing (D:6)
  The ghost of ponk the Covert, a novice OpAs of Dithmenos (D:7)
  A troll (D:10)
  2 hippogriffs
  5 yaks (D:9)
  2 hungry ghosts
  Menkaure (D:6)
  2 water moccasins
  A black bear (D:8)
  An eye of draining (D:8)
  An orc warrior (D:6)
  2 sky beasts
  4 ice beasts
  5 ogres
  A phantom (D:7)
  A necrophage (D:10)
  2 big kobolds (D:8)
  8 bullfrogs
  A wyvern zombie (D:8)
  A water moccasin zombie (D:8)
  A wyvern skeleton (D:8)
  4 scorpions
  8 killer bees
  2 howler monkeys
  7 crimson imps
  A centaur zombie (D:9)
  A quasit (D:8)
  A bullfrog zombie (D:10)
  7 hounds
  2 orc priests (D:5)
  3 bullfrog skeletons
  2 centaur skeletons (D:8)
  A jelly (D:6)
  8 orc wizards
  Jessica (D:2)
  7 iguanas
  10 worker ants
  A hound zombie (D:5)
  A hound skeleton (D:5)
  A worker ant zombie (D:4)
  9 gnolls
  A howler monkey skeleton (D:6)
  7 adders
  2 shadow imps
  An ooze (D:1)
  4 adder skeletons
  An adder zombie (D:5)
  2 worms
  2 dart slugs (D:2)
  5 leopard geckos
  25 orcs
  11 bats
  4 giant cockroaches
  3 hobgoblins
  13 jackals
  13 kobolds
  9 quokkas
  2 ball pythons
  6 frilled lizards
  5 goblins
  2 jackal zombies (D:6)
  A quokka skeleton (D:5)
  5 rats
245 creatures vanquished.

Vanquished Creatures (others)
  A jackal (D:10)
1 creature vanquished.

Grand Total: 246 creatures vanquished

Notes
Turn   | Place    | Note
-------+----------+-------------------------------------------
     0 | D:1      | dngmouse the Deep Dwarf Fighter began the quest for the Orb.
     0 | D:1      | Reached XP level 1. HP: 20/20 MP: 1/1
   196 | D:1      | Reached XP level 2. HP: 24/27 MP: 2/2
   771 | D:2      | Reached skill level 3 in Axes
   855 | D:2      | Reached XP level 3. HP: 30/34 MP: 3/3
   966 | D:2      | Reached XP level 4. HP: 43/43 MP: 4/4
  1226 | D:2      | Noticed Jessica
  1238 | D:2      | Killed Jessica
  1238 | D:2      | Reached skill level 4 in Axes
  1458 | D:3      | Reached XP level 5. HP: 37/50 MP: 5/5
  1777 | D:4      | Gained mutation: Your body sometimes deteriorates upon taking damage. [potion of mutation]
  1777 | D:4      | Gained mutation: You have large cloven feet. [potion of mutation]
  1777 | D:4      | Gained mutation: Scrolls take you a little longer to read. [potion of mutation]
  1884 | D:4      | Noticed a hippogriff
  1884 | D:4      | Noticed an ogre
  1907 | D:4      | Killed a hippogriff
  1907 | D:4      | Reached skill level 5 in Fighting
  1907 | D:4      | Reached skill level 5 in Axes
  1907 | D:4      | Reached XP level 6. HP: 38/61 MP: 6/6
  1940 | D:4      | Found Seazyar's Distillery.
  1943 | D:4      | Bought a potion of mutation for 25 gold pieces
  1943 | D:4      | Bought a potion of degeneration for 10 gold pieces
  1943 | D:4      | Gained mutation: You are dopey. (Int -2) [potion of mutation]
  1943 | D:4      | Gained mutation: Your system is resistant to poisons. (rPois) [potion of mutation]
  2027 | D:4      | Reached XP level 7. HP: 58/67 MP: 7/7
  2050 | D:4      | Reached skill level 6 in Axes
  2077 | D:4      | Found a staircase to the Ecumenical Temple.
  2081 | Temple   | Entered the Ecumenical Temple
  2189 | Temple   | Became a worshipper of Makhleb the Destroyer
  2616 | D:5      | Entered Level 5 of the Dungeon
  2819 | D:5      | Reached skill level 7 in Axes
  2883 | D:5      | Reached XP level 8. HP: 46/78 MP: 8/8
  2947 | D:5      | Reached * piety under Makhleb
  3060 | D:5      | Found a blossoming altar of Fedhas.
  3135 | D:5      | Found a sparkling altar of Nemelex Xobeh.
  3290 | D:6      | Reached skill level 8 in Axes
  3328 | D:6      | Noticed Menkaure
  3447 | D:5      | Gained mutation: You have an increased reservoir of magic. (+10% MP) [potion of beneficial mutation]
  3552 | D:6      | Killed Menkaure
  3552 | D:6      | Reached skill level 1 in Invocations
  3552 | D:6      | Reached skill level 1 in Evocations
  3590 | D:6      | Noticed a purple ugly thing
  3630 | D:6      | Killed a purple ugly thing
  3630 | D:6      | Gained mutation: You passively map the area around you. [Deep Dwarf growth]
  3630 | D:6      | Reached XP level 9. HP: 28/88 MP: 10/12
  3901 | D:6      | Reached skill level 9 in Axes
  4233 | D:7      | Noticed ponk's ghost (novice OpAs)
  4246 | D:7      | Killed ponk's ghost
  4246 | D:7      | Reached skill level 5 in Invocations
  4246 | D:7      | Reached skill level 5 in Evocations
  4494 | D:7      | Reached ** piety under Makhleb
  4557 | D:7      | You fall through a shaft for 2 floors!
  4632 | D:9      | Found Mogiupul's Gadget Shop.
  4662 | D:9      | Reached skill level 5 in Armour
  4675 | D:9      | Reached XP level 10. HP: 51/97 MP: 16/16
  5226 | D:8      | Reached *** piety under Makhleb
  6311 | D:8      | Reached skill level 10 in Axes
  6720 | D:10     | Entered Level 10 of the Dungeon
  6723 | D:10     | Identified a scroll of acquirement
  6820 | D:10     | Killed from afar by an electric eel

Skill      XL: |  1  2  3  4  5  6  7  8  9 10 |
---------------+-------------------------------+-----
Fighting       | 3 4 5 6 7 8 9 |  9.0
Axes           | 3 4 5 7 8 9 10 | 10.0
Invocations    | 3 6 8 |  8.9
Evocations     | 3 6 8 |  8.7
Armour         | 5 6 |  6.3
Shields        | |  3.2

Action                   |  1- 3 |  4- 6 |  7- 9 | 10-12 || total
-------------------------+-------+-------+-------+-------++-------
Melee: War axe           |    31 |       |    45 |   268 ||   344
       Hand axe          |    53 |   121 |   367 |       ||   541
       Broad axe         |       |       |       |    22 ||    22
Evoke: Wand              |       |     1 |     4 |     1 ||     6
  Use: Scroll            |     1 |       |    10 |     3 ||    14
       Potion            |     2 |     6 |     2 |     1 ||    11
 Stab: Invisible         |       |     1 |       |       ||     1
  Eat: Chunk             |       |     4 |    10 |     8 ||    22
       Fruit             |       |       |     1 |     1 ||     2
Armor: Scale mail        |    38 |    57 |    93 |   118 ||   306
Dodge: Dodged            |    24 |    37 |   118 |   119 ||   298
Block: Shield            |    36 |    51 |   151 |   147 ||   385
